 Dungeon Crawl Stone Soup version 0.31.0-11-ge490571c62 (webtiles) character file.

Game seed: 11792934262083369794

116 qw the Ducker (level 4, -6/23 HPs)
             Began as a Spriggan Hunter on Feb 3, 2024.
             Mangled by an ogre
             ... wielding a +0 giant club
              (29 damage)
             ... on level 4 of the Dungeon.
             The game lasted 00:00:06 (1391 turns).

qw the Ducker (Spriggan Hunter)                     Turns: 1391, Time: 00:00:06

Health: -6/23      AC:  2    Str:  7    XL:     4   Next: 70%
Magic:  5/5        EV: 20    Int: 10    God:
Gold:   219        SH:  0    Dex: 20    Spells: 3/3 levels left

rFire   . . .        a - +0 shortbow
rCold   . . .        (shield currently unavailable)
rNeg    . . .        c - +0 robe
rPois   .            (helmet restricted)
rElec   .            (no cloak)
rCorr   .            (gloves unavailable)
SInv    +            (boots unavailable)
Will    .....        (no amulet)
Stlth   ++           (no ring)
HPRegen 0.23/turn    (no ring)
MPRegen 0.09/turn

%: no passive effects
@: very quick
A: very small, no large weapons, unfitting armour, see invisible, speed 3
a: no special abilities


You were on level 4 of the Dungeon.
You visited 1 branch of the dungeon, and saw 4 of its levels.

You collected 219 gold pieces.


Innate Abilities, Weirdness & Mutations

You are very small and have problems with some larger weapons.
You are too small for most types of armour.
You have supernaturally acute eyesight. (SInv)
You cover ground extremely quickly. (Speed+++)


   Skills:
 + Level 1.7 Fighting
 - Level 5.0 Ranged Weapons
 - Level 5.2 Dodging
 - Level 1.5 Stealth


You had 3 spell levels left.
You didn't know any spells.
Your spell library was empty.

Inventory:

Hand Weapons
 a - a +0 shortbow (weapon)
Armour
 c - a +0 robe (worn)
Potions
 d - a potion of resistance
 f - a potion of might {unknown}
 j - a potion of cancellation
 l - a potion of heal wounds {unknown}

Dungeon Overview and Level Annotations

Branches:
Dungeon (3/15)             Temple (0/1) D:4

Altars:

Shops:
D:2 (


Message History

a +0 dagger; a goblin corpse
Found a stone staircase leading down.
Found a pair of gloves.
Found a club.
Found a staircase to the Ecumenical Temple.
A ball python comes into view.
You shoot an arrow.
The arrow closely misses the ball python.
A ball python comes into view.
You shoot an arrow. The ball python hisses angrily.
The arrow hits the ball python.
The ball python is moderately wounded.
You shoot an arrow.
The arrow closely misses the ball python.
You shoot an arrow.
The arrow closely misses the ball python.
You shoot an arrow. The arrow hits the ball python!
You kill the ball python!
You shoot an arrow. The arrow hits the ball python.
The ball python is severely wounded.
You shoot an arrow. The arrow hits the ball python!
You kill the ball python!
You see here a ball python corpse.
You now have 219 gold pieces (gained 11).
An ogre comes into view. It is wielding a +0 giant club.
You shoot an arrow. The ogre shouts!
The arrow hits the ogre!
The ogre is moderately wounded.
You shoot an arrow. The arrow hits the ogre.
The ogre is heavily wounded.
You shoot an arrow. The arrow hits the ogre.
The ogre is heavily wounded.
You shoot an arrow. The arrow hits the ogre!
The ogre is almost dead.
You hear the slow rusting of a very distant drain.
The ogre hits you with a +0 giant club!!
Ouch! That really hurt!
You die...

........#.%....####
.......###.....#..##
...................#
.....#.....#......##
...###..>..###...##
.... #.....#.....###
..............#....#
...###...####..# #..
...# #@.## ...
#...O.# .. #...#.#
#..##.# ##. .. ..
##. #.. .# ... .


You could see an ogre.

Vanquished Creatures
  A hound (D:4)
  3 adders (D:2)
  2 dart slugs
  A ribbon worm (D:2)
  4 ball pythons
  A bat (D:2)
  3 endoplasms
  A giant cockroach (D:2)
  9 goblins
  6 hobgoblins
  4 jackals (D:1)
  3 quokkas
  6 frilled lizards
  2 kobolds (D:1)
  4 rats
50 creatures vanquished.

Notes
Turn   | Place    | Note
-------+----------+-------------------------------------------
     0 | D:1      | qw the Spriggan Hunter began the quest for the Orb.
     0 | D:1      | Reached XP level 1. HP: 10/10 MP: 2/2
     0 | D:1      | 0 ||| qw: Version: 0.3-a-157-g843a77d
     0 | D:1      | 0 ||| qw: Game counter: 3996
     0 | D:1      | 0 ||| qw: Melee chars always use a shield: true
     0 | D:1      | 0 ||| qw: God list: Okawaru
     0 | D:1      | 0 ||| qw: Allow faded altars: false
     0 | D:1      | 0 ||| qw: Do Orc after clearing Dungeon:15 true
     0 | D:1      | 0 ||| qw: Do second Lair branch before Depths: true
     0 | D:1      | 0 ||| qw: Lair rune preference: random
     0 | D:1      | 0 ||| qw: Goals: Normal
     0 | D:1      | 0 ||| PLANNING D:1-11
   201 | D:1      | Reached skill level 3 in Dodging
   265 | D:1      | Reached XP level 2. HP: 14/14 MP: 3/3
   672 | D:1      | 672 ||| READING 3 scrolls labelled AQYAJABR QUSU.
   672 | D:1      | 672 ||| IDENTIFYING fizzy puce potion
   673 | D:1      | 673 ||| READING 2 scrolls of identify.
   673 | D:1      | 673 ||| IDENTIFYING lumpy dark potion
   674 | D:1      | 674 ||| READING scroll of identify.
   674 | D:1      | 674 ||| IDENTIFYING viscous yellow potion
   675 | D:1      | 675 ||| READING scroll labelled WAROORUQOQI.
   679 | D:1      | 679 ||| READING scroll labelled TYELI FISTRA.
   680 | D:1      | 680 ||| READING scroll labelled VUNOJ CEIL.
   680 | D:1      | 680 ||| ENCHANTING +0 shortbow.
   681 | D:1      | 681 ||| READING scroll labelled YQUTRO JEICSY.
   682 | D:1      | 682 ||| DROPPING scroll of butterflies.
   683 | D:1      | 683 ||| DROPPING potion of ambrosia.
   790 | D:2      | Reached XP level 3. HP: 18/18 MP: 4/4
  1040 | D:2      | Found a faded altar of an unknown god.
  1184 | D:2      | Reached XP level 4. HP: 22/22 MP: 5/5
  1185 | D:2      | Found Heopoddu's Antique Weapon Emporium.
  1252 | D:2      | 1252 ||| READING scroll of identify.
  1252 | D:2      | 1252 ||| IDENTIFYING fuming dark potion
  1253 | D:2      | 1253 ||| DROPPING potion of lignification.
  1278 | D:3      | You fall into a shaft and drop 1 floor!
  1280 | D:4      | 1280 ||| PLANNING SEWER
  1356 | D:4      | Found a staircase to the Ecumenical Temple.
  1387 | D:4      | Noticed an ogre
  1391 | D:4      | Mangled by an ogre

Levels and vault maps discovered:
D:1:      saegor_arrival_under_anarchy, layout_basic
D:2:      cheibrodos_old_hovel, layout_rooms, serial_shops, shop,
          nicolae_ecumenical_pavilion, minmay_goblin_kobold_house
D:3:      layout_basic, mainiacjoe_overflow_chevrons,
          mainiacjoe_overflow_brackets, minmay_divided_ellipse
D:4:      layout_cave_pools, minmay_temple_entry_tees, portal_sewer_entry_e

Skill      XL: |  1  2  3  4 |
---------------+-------------+-----
Dodging        | 3 4 5 |  5.2
Ranged Weapons | 5 |  5.0
Fighting       | |  1.7
Stealth        | |  1.5

Action                     |  1- 3 |  4- 6 || total
---------------------------+-------+-------++-------
   Fire: Shortbow          |    98 |    36 ||   134
    Use: Scroll            |     7 |     1 ||     8
 Armour: Robe              |     7 |     9 ||    16
  Dodge: Dodged            |    30 |    19 ||    49

Table legend:
 A = Non-vault XP
 B = Vault XP
 C = Vault XP percentage of total XP
 D = Non-vault monster count
 E = Vault monster count
 F = Vault count percentage of total count
                 A         B        C        D         E       F
            +---------+---------+-------+---------+---------+-------
      Total |     140 |      27 |  16.2 |      42 |       8 |  16.0
            +---------+---------+-------+---------+---------+-------
        D:1 |      28 |       0 |   0.0 |      16 |       0 |   0.0
        D:2 |      55 |      27 |  32.9 |      19 |       8 |  29.6
        D:3 |       4 |       0 |   0.0 |       1 |       0 |   0.0
        D:4 |      53 |       0 |   0.0 |       6 |       0 |   0.0
            +---------+---------+-------+---------+---------+-------
